 Dungeon Crawl Stone Soup version 0.26-a0-487-gbff1e92059 (webtiles) character file.

Game seed: 930167149050571093

579 Lovable the Bolt Thrower (level 7, 0/60 HPs)
             Began as a Minotaur Hunter on Aug 2, 2020.
             Succumbed to Duvessa's poison
             ... on level 5 of the Dungeon.
             The game lasted 00:27:42 (3858 turns).

Lovable the Bolt Thrower (Minotaur Hunter)          Turns: 3858, Time: 00:27:43

Health: 0/60       AC:  8    Str: 16    XL:     7   Next: 13%
Magic:  6/6        EV: 12    Int:  8    God:
Gold:   217        SH:  0    Dex: 13    Spells: 6/6 levels left

rFire    . . .     SeeInvis .   z - +1 spear (vorpal)
rCold    . . .     Faith    .   (no shield)
rNeg     . . .     Spirit   .   r - +0 ring mail
rPois    .         Reflect  .   (helmet restricted)
rElec    .         Harm     .   C - +0 cloak
rCorr    .                      j - +0 pair of gloves
MR       .....                  (no boots)
Stlth    +.........             (no amulet)
HPRegen  0.20/turn              (no ring)
MPRegen  0.10/turn              (no ring)

@: lethally poisoned (0 -> -27), very slightly contaminated, invisible
A: retaliatory headbutt, horns 2
a: no special abilities


You were on level 5 of the Dungeon.
You visited 1 branch of the dungeon, and saw 5 of its levels.

You collected 217 gold pieces.

Inventory:

Hand Weapons
 a - a +1 hand crossbow
 z - a +1 vorpal spear (weapon)
Missiles
 d - 8 bolts
 t - 20 poisoned darts (quivered)
 B - 2 atropa-tipped darts
Armour
 j - a +0 pair of gloves (worn)
 r - a +0 ring mail (worn)
 C - a +0 cloak (worn)
Scrolls
 b - a scroll of fear {unknown}
 e - 2 scrolls of remove curse
 f - a scroll of blinking
 l - 6 scrolls of identify {unknown}
 n - 2 scrolls of enchant armour {unknown}
 p - a scroll of teleportation {unknown}
 s - a scroll of enchant weapon {unknown}
 u - 2 scrolls of magic mapping {unknown}
 v - a scroll of amnesia {unknown}
 w - a scroll of noise {unknown}
 y - a scroll of random uselessness {unknown}
Potions
 c - 2 potions of flight
 g - a potion of might
 h - a potion of invisibility
 i - 6 potions of curing {unknown}
 k - a potion of cancellation {unknown}
 m - a potion of heal wounds {unknown}
 o - 3 potions of stabbing {unknown}
 q - 3 potions of lignification {unknown}
 x - a potion of resistance {unknown}
 A - a potion of degeneration {unknown}


   Skills:
 + Level 4.7 Fighting
   Level 1.6 Short Blades
 + Level 3.1 Polearms
 + Level 5.9 Crossbows
 + Level 3.9 Armour
 + Level 3.7 Dodging
 + Level 1.2 Stealth


You had 6 spell levels left.
You didn't know any spells.
Your spell library was empty.

Dungeon Overview and Level Annotations

Branches:
Dungeon (5/15)             Temple (0/1) D:5

Altars:

Annotations:
D:5 Dowan, Duvessa


Innate Abilities, Weirdness & Mutations

You reflexively headbutt those who attack you in melee.
You have a pair of horns on your head.


Message History

* * * LOW HITPOINT WARNING * * *
You hit Duvessa but do no damage.
Duvessa is lightly wounded.
* * * LOW HITPOINT WARNING * * *
You feel sick.
Duvessa hits you with a +0 short sword of venom!
* * * LOW HITPOINT WARNING * * *
You are more poisoned.
The gnoll hits you from afar with a +0 spear.
* * * LOW HITPOINT WARNING * * *
It was a potion of invisibility.
You fade into invisibility!
* * * LOW HITPOINT WARNING * * *
You feel sick. Duvessa hits you but does no damage.
The gnoll closely misses you.
You are very lightly contaminated with residual magic.
Press: ? - help, Dir - move target cursor
As you read the scroll of blinking, it crumbles to dust.
A worm comes into view.
You die...

####+####$ #####
#.@....... ###
##...#.......w... #...
#P§P............. .....
##e##.......[....
.....P#egg#P...........
.((.(.(.Z..............
.(...P#...#P...........
...!..##.##............
.....


P.P .... You could see Duvessa and a worm (wandering).

Vanquished Creatures
  2 ogres (D:4)
  A scorpion (D:5)
  A hound (D:4)
  An orc priest (D:4)
  A centaur skeleton (D:4)
  Jessica (D:2)
  4 orc wizards (D:4)
  A gnoll (D:1)
  3 adders
  An ufetubus (D:5)
  An ooze (D:2)
  An adder skeleton (D:2)
  2 worms
  2 leopard geckos
  13 orcs
  12 bats
  3 giant cockroaches
  8 goblins
  6 hobgoblins
  3 quokkas
  2 frilled lizards
  8 kobolds
  7 rats
  A plant (D:1)
85 creatures vanquished.

Notes
Turn   | Place    | Note
-------+----------+-------------------------------------------
     0 | D:1      | Lovable the Minotaur Hunter began the quest for the Orb.
     0 | D:1      | Reached XP level 1. HP: 18/18 MP: 0/0
   543 | D:1      | Reached XP level 2. HP: 7/25 MP: 1/1
   875 | D:1      | Reached skill level 5 in Crossbows
  1028 | D:1      | Reached XP level 3. HP: 31/31 MP: 2/2
  1362 | D:2      | Noticed Jessica
  1377 | D:2      | Killed Jessica
  1377 | D:2      | Reached skill level 1 in Armour
  1377 | D:2      | Reached XP level 4. HP: 33/38 MP: 3/3
  1381 | D:2      | Reached skill level 1 in Short Blades
  1951 | D:3      | Found a faded altar of an unknown god.
  2662 | D:4      | Reached XP level 5. HP: 42/45 MP: 4/4
  2869 | D:4      | Reached skill level 1 in Stealth
  2933 | D:4      | Reached skill level 1 in Polearms
  2968 | D:4      | Reached XP level 6. HP: 23/52 MP: 5/5
  3537 | D:4      | Reached XP level 7. HP: 52/60 MP: 6/6
  3824 | D:5      | Entered Level 5 of the Dungeon
  3824 | D:5      | Found a staircase to the Ecumenical Temple.
  3835 | D:5      | Noticed Dowan
  3837 | D:5      | Noticed Duvessa
  3857 | D:5      | HP: 3/60 [poisoned by Duvessa]
  3858 | D:5      | Succumbed to Duvessa's poison

Illustrated notes

Levels and vault maps discovered:
D:1:      lightli_arrival_windingriver, layout_loops_cross
D:2:      layout_rooms, kennysheep_decorative_pillar, uniq_jessica
D:3:      layout_basic, chequers_ecumenical_altar_simple, minivault_4
D:4:      layout_loops_cross
D:5:      layout_rooms, ashenzari_conservatory_becter,
          minmay_temple_entry_gardened_gates, nicolae_ossuary_entry_catacombs,
          kennysheep_generic_room_10, uniq_duvessa

Skill      XL: |  1  2  3  4  5  6  7 |
---------------+----------------------+-----
Crossbows      | 5 |  5.9
Fighting       | 3 4 |  4.7
Armour         | 1 2 3 |  3.9
Short Blades   | 1 |  1.6
Dodging        | 3 |  3.7
Stealth        | 1 |  1.2
Polearms       | 1 2 3 |  3.1

Action                   |  1- 3 |  4- 6 |  7- 9 || total
-------------------------+-------+-------+-------++-------
Melee: Short sword       |    87 |    59 |       ||   146
       Headbutt          |    20 |    23 |     4 ||    47
       Whip              |     1 |       |       ||     1
       Spear             |       |    71 |    23 ||    94
 Fire: Hand crossbow     |    16 |    15 |     6 ||    37
  Use: Scroll            |     3 |       |     1 ||     4
       Potion            |       |     1 |     1 ||     2
Armor: Leather armour    |    25 |     1 |       ||    26
       Ring mail         |       |    57 |    12 ||    69
Dodge: Dodged            |    67 |    92 |    17 ||   176

Table legend: (Time is in decaauts)
 A = Elapsed time spent in this place.
 B = Non-inter-level travel time spent in this place.
 C = Inter-level travel time spent in this place.
 D = Time resting spent in this place.
 E = Time spent auto-exploring this place.
 F = Levels seen in this place.
 G = Mean time per level.
                   A        B        C        D        E       F      G
               +--------+--------+--------+--------+--------+-----+--------+
         Total |   3865 |   3848 |     17 |    522 |    385 |   5 |  773.0 |
       Dungeon |   3865 |   3848 |     17 |    522 |    385 |   5 |  773.0 |
               +--------+--------+--------+--------+--------+-----+--------+

Top non-repeatable levels by time:
     D:1: 1314 daAuts
     D:4: 1171 daAuts
     D:3: 732 daAuts
     D:2: 614 daAuts
     D:5: 32 daAuts
